 Dungeon Crawl Stone Soup version 0.27-a0-1456-gf5a116941d (webtiles) character file.

Game seed: 10239349322596863523

7 Sobieck the Cudgeller (level 1, 0/16 HPs)
             Began as a Demonspawn Gladiator on July 6, 2021.
             Hit by a stone thrown by a kobold (1 damage)
             ... on level 1 of the Dungeon.
             The game lasted 00:01:00 (193 turns).

Sobieck the Cudgeller (Demonspawn Gladiator)         Turns: 193, Time: 00:01:01

Health: 0/16       AC:  4    Str: 14    XL:     1   Next: 91%
Magic:  1/1        EV: 12    Int:  9    God:
Gold:   42         SH:  0    Dex: 14    Spells: 0/0 levels left

rFire    . . .     SeeInvis .   a - +0 flail {mace}
rCold    . . .     Faith    .   (no shield)
rNeg     . . .     Spirit   .   b - +0 leather armour
rPois    .         Reflect  .   c - +0 helmet
rElec    .         Harm     .   (no cloak)
rCorr    .         Rampage  .   (no gloves)
Will     .....                  (no boots)
Stlth    +.........             (no amulet)
HPRegen  0.05/turn              (no ring)
MPRegen  0.07/turn              (no ring)

@: no status effects
A: no striking features
a: no special abilities


You were on level 1 of the Dungeon.
You visited 1 branch of the dungeon, and saw 1 of its levels.

You collected 42 gold pieces.


   Skills:
 - Level 2.0 Fighting
 + Level 3.0 Maces & Flails
 + Level 2.1 Throwing
 - Level 2.6 Dodging


You couldn't memorise any spells.
You didn't know any spells.
Your spell library was empty.

Inventory:

Hand Weapons
 a - a +0 flail (weapon) {mace}
Missiles
 d - 3 throwing nets (quivered) {=f!fthrowing}
Armour
 b - a +0 leather armour (worn)
 c - a +0 helmet (worn)
Scrolls
 e - a scroll of fear {unknown}

Dungeon Overview and Level Annotations

Branches:
Dungeon (1/15)

Altars:

.#..# ♣#..##...##..#♣ ....#
♣#...........#♣ #.#.#
♣#...........# #.#.#
♣#...........#♣ #.#.#
♣#...........# #.#.#
♣#...........# #B#.#
#.)##...##..#
#K#.###########..##...##..###+
#.#.......'.....@.K...........
#.#######.'.......B...........
#....†....########'#+#'#######
####...####.# #8.....8#
#.....###.## #.......#
#..........# #8..>..8#
#.....###..# ##.....## ##...##
##.# ##...## ##.## #.# ##.##


You could see a giant cockroach and a kobold.


Message History

You open the door.
There is an open door here.
You open the large door.
A rat comes into view.
There is a large open door here.
A ball python comes into view.
A ball python comes into view.
You sock the rat!
You kill the rat!
The ball python hisses angrily. x2
You see here 5 gold pieces.
The ball python bites you but does no damage.
The ball python misses you.
You thump the ball python!
You kill the ball python!
The ball python bites you. The ball python closely misses you.
The ball python barely misses you.
The ball python closely misses you. 😕 HP[-1]
You take 1 damage, and now have 15/16 hp.
You barely miss the ball python. The ball python barely misses you. x2
You hit the ball python.
You kill the ball python!
No target in view!
No target in view!
You now have 5 gold pieces.
You now have 12 gold pieces (gained 7).
An endoplasm comes into view. 😎 HP[+1]
Your hp is fully restored (16).
The endoplasm closely misses you.
You hit the endoplasm.
The endoplasm hits you but does no damage.
You hit the endoplasm.
You kill the endoplasm!
No target in view!
e - a scroll labelled GAIMURA OMYTIN You now have 26 gold pieces (gained 14).
You now have 42 gold pieces (gained 16).
A ball python comes into view.
The ball python hisses angrily.
The ball python closely misses you. x2
You hit the ball python.
You kill the ball python!
Your Throwing skill increases to level 2!
No target in view!
You see here a ball python corpse.
A goblin comes into view. It is wielding a +0 club.
The goblin shouts!
You hear a shout!
A goblin comes into view. It is wielding a +0 club.
The goblin hits you but does no damage.
A kobold comes into view. It is wielding a +0 dagger.
The goblin shouts!
You sock the goblin!
You kill the goblin!
You barely miss the goblin.
The goblin hits you with a +0 club. 😕 HP[-3]
You take 3 damage, and now have 13/16 hp.
You closely miss the goblin. The goblin closely misses you.
You closely miss the goblin. The goblin hits you but does no damage.
The kobold hits you with a +0 dagger. 😮 HP[-3]
You take 3 damage, and now have 10/16 hp.
Unknown command.
The kobold completely misses you.
A giant cockroach comes into view. 😮 HP[+1]
You barely miss the goblin. The goblin misses you.
The goblin hits you with a +0 club.
* * * LOW HITPOINT WARNING * * *
😨 HP[-4]
You take 4 damage, and now have 7/16 hp.
MASSIVE DAMAGE!! (PAUSE)
You see here a ball python corpse.
You see here a ball python corpse.
There is a large open door here. 😨 HP[+1]
The goblin hits you with a +0 club.
* * * LOW HITPOINT WARNING * * *
😨 HP[-2]
You take 2 damage, and now have 6/16 hp.
You thump the goblin!
You kill the goblin!
Your Maces & Flails skill increases to level 3!
You miss the kobold. The kobold barely misses you.
The kobold hits you with a +0 dagger.
* * * LOW HITPOINT WARNING * * *
😱 HP[-2]
You take 2 damage, and now have 4/16 hp.
You barely miss the kobold. The kobold barely misses you.
You closely miss the kobold. The giant cockroach barely misses you.
The kobold hits you with a +0 dagger.
* * * LOW HITPOINT WARNING * * *
The giant cockroach closely misses you. 😱 HP[-3]
You take 3 damage, and now have 1/16 hp.
Unknown command.
You hit the giant cockroach but do no damage.
The giant cockroach barely misses you. The giant cockroach closely misses you.
The kobold throws a stone.
The stone hits you.
You die...

Skill      XL: |  1 |
---------------+----+-----
Throwing       | 2 |  2.1
Maces & Flails | 3 |  3.0
Fighting       | |  2.0
Dodging        | |  2.6

Action                   || total
-------------------------++-------
Melee: Flail             ||    17
Armor: Leather armour    ||     4
Dodge: Dodged            ||    18

Levels and vault maps discovered:
D:1:      beargit_arrival_diablo_church, layout_loops_ring,
          ebering_ecumenical_altar_mist, serial_shops, shop

Notes
Turn   | Place    | Note
-------+----------+-------------------------------------------
     0 | D:1      | Sobieck the Demonspawn Gladiator began the quest for the
                  | Orb.
     0 | D:1      | Reached XP level 1. HP: 16/16 MP: 1/1
     0 | D:1      | magus.rc [v1.9.6]
   141 | D:1      | Reached skill level 2 in Throwing
   184 | D:1      | Reached skill level 3 in Maces & Flails
   184 | D:1      | HP: 4/16 [kobold (2)]
   186 | D:1      | HP: 1/16 [kobold (3)]
   193 | D:1      | Hit by a stone thrown by a kobold

Vanquished Creatures
  An endoplasm (D:1)
  2 goblins (D:1)
  3 ball pythons (D:1)
  A rat (D:1)
7 creatures vanquished.

Table legend:
 A = Non-vault XP
 B = Vault XP
 C = Vault XP percentage of total XP
 D = Non-vault monster count
 E = Vault monster count
 F = Vault count percentage of total count
                 A         B        C        D         E       F
            +---------+---------+-------+---------+---------+-------
      Total |      11 |       0 |   0.0 |       7 |       0 |   0.0
            +---------+---------+-------+---------+---------+-------
        D:1 |      11 |       0 |   0.0 |       7 |       0 |   0.0
            +---------+---------+-------+---------+---------+-------

Illustrated notes

Table legend:
 A = Kills in this place as a percentage of kills in entire the game.
 B = Kills by you in this place as a percentage of kills by you in the entire game.
 C = Kills by friends in this place as a percentage of kills by friends in the entire game.
 D = Other kills in this place as a percentage of other kills in the entire game.
 E = Experience gained in this place as a percentage of experience gained in the entire game.
 F = Experience gained in this place divided by the number of levels of this place that you have seen.
                   A       B       C       D       E      F
               +-------+-------+-------+-------+-------+----------------------
         Total | 100.0 | 100.0 |   N/A |   N/A | 100.0 |  11.0
       Dungeon | 100.0 | 100.0 |   N/A |   N/A | 100.0 |  11.0
               +-------+-------+-------+-------+-------+----------------------

Table legend: (Time is in decaauts)
 A = Elapsed time spent in this place.
 B = Non-inter-level travel time spent in this place.
 C = Inter-level travel time spent in this place.
 D = Time resting spent in this place.
 E = Time spent auto-exploring this place.
 F = Levels seen in this place.
 G = Mean time per level.
                   A        B        C        D        E       F      G
               +--------+--------+--------+--------+--------+-----+--------+
         Total |    197 |    197 |      0 |      0 |    127 |   1 |  197.0 |
       Dungeon |    197 |    197 |      0 |      0 |    127 |   1 |  197.0 |
               +--------+--------+--------+--------+--------+-----+--------+

Top non-repeatable levels by time:
     D:1: 197 daAuts
